Map: Heavy Artillery LE

Players

Alebay - Winner!

  • Race: Protoss Protoss
  • Spawn Location: 3:00

MattBarry - Winner!

  • Race: Zerg Zerg
  • League: Gold
  • Spawn Location: 1:00

VOD

Have the link to the VOD?

Description

Time

  • Played on: Jan. 27, 2023, 5:21 p.m.
  • Length: 16:45
Show
View Real Time Build Order
Export as new Build Order

Alebay Protoss - Winner!

Build Orders:  

Get SALT Encoding   

  12  0:03  Probe (Chrono Boost)  
  14  0:20  Probe (Chrono Boost)  
  14  0:27  Pylon  
  14  0:37  Probe (Chrono Boost)  
  15  0:55  Probe (Chrono Boost)  
  17  1:12  Probe (Chrono Boost)  
  17  1:23  Pylon  
  17  1:48  Gateway  
  17  1:57  Gateway  
  17  2:01  Gateway  
  17  2:08  Gateway  
  17  2:16  Pylon  
  17  2:59  Zealot (Chrono Boost)  
  17  3:00  Zealot (Chrono Boost)  
  17  3:06  Zealot (Chrono Boost)  
  23  3:37  Zealot (Chrono Boost), Pylon  
  23  3:38  Zealot (Chrono Boost)  
  29  3:43  Zealot (Chrono Boost)  
  29  4:06  Pylon  
  31  4:15  Zealot (Chrono Boost)  
  31  4:16  Zealot (Chrono Boost)  
  35  4:21  Zealot (Chrono Boost)  
  31  4:49  Zealot (Chrono Boost)  
  29  4:52  Zealot (Chrono Boost)  
  29  4:59  Zealot (Chrono Boost)  
  19  5:35  Cybernetics Core  
  19  5:38  Gateway  
  17  5:42  Probe  
  17  5:44  Assimilator  
  18  6:13  Probe  
  19  6:35  Probe  
  20  6:40  Assimilator  
  20  6:54  Probe  
  21  7:11  Probe  
  21  7:15  Forge  
  22  7:28  Probe  
  23  7:46  Gateway  
  23  7:56  Protoss Ground Weapons Level 1 (Chrono Boost)  
  23  8:00  Warp Gate (Chrono Boost)  
  23  8:06  Nexus  
  23  8:08  Pylon  
  23  8:18  Probe  
  26  8:40  Pylon  
  26  8:43  Gateway  
  26  8:46  Probe  
  27  9:04  Stalker  
  27  9:05  Stalker x2  
  27  9:08  Unknown  
  33  9:17  Probe  
  34  9:29  Twilight Council  
  34  9:32  Stalker  
  36  9:41  Stalker  
  36  9:42  Stalker x2  
  36  9:46  Probe  
  36  9:47  Probe  
  44  10:05  Assimilator  
  41  10:27  Stalker x2  
  41  10:28  Stalker  
  47  10:39  Pylon  
  47  10:41  Pylon  
  47  10:42  Probe x2  
  49  11:00  Probe  
  49  11:01  Probe  
  49  11:06  Assimilator  
  49  11:08  Stalker x3  
  51  12:00  Stalker x3  
  51  12:09  Probe x2  
  59  12:26  Probe x2  
  61  12:50  Pylon  
  61  12:52  Protoss Ground Armor Level 1  
  61  12:56  Probe x2  
  63  13:00  Pylon  
  63  13:04  Stalker x2  
  65  13:56  Blink (Chrono Boost)  
  65  13:58  Stalker  
  65  13:59  Stalker x2  
  69  14:31  Stalker  
  69  14:32  Stalker x2  
  75  15:13  Gateway  
  75  15:16  Gateway, Nexus  
  75  15:18  Gateway  
  75  15:19  Pylon  
  71  15:21  Pylon  
  71  15:24  Pylon  
Show
View Real Time Build Order
Export as new Build Order

MattBarry Zerg - Winner!

Build Orders:  

Get SALT Encoding   

  12  0:01  Drone  
  13  0:18  Overlord  
  13  0:27  Drone  
  14  0:44  Drone x2  
  16  1:11  Hatchery  
  16  1:13  Drone  
  16  1:19  Drone  
  17  1:30  Drone  
  17  1:37  Extractor  
  17  1:47  Spawning Pool  
  16  1:50  Drone  
  16  1:54  Drone  
  18  2:13  Overlord  
  18  2:20  Drone  
  19  2:53  Queen  
  19  2:54  Zergling x2  
  19  2:55  Zergling x2  
  19  2:58  Queen  
  25  3:00  Zergling x2  
  25  3:09  Drone x2  
  28  3:20  Drone  
  28  3:22  Drone  
  30  3:41  Drone x2  
  32  3:53  Drone x2  
  34  4:12  Drone x2  
  34  4:23  Zergling x2  
  34  4:25  Overlord  
  35  4:48  Metabolic Boost  
  34  5:19  Roach Warren  
  33  5:34  Drone  
  33  5:35  Extractor, Drone x5  
  33  5:36  Drone x3  
  40  6:00  Evolution Chamber  
  40  6:04  Evolution Chamber  
  38  6:17  Hatchery  
  37  6:25  Drone  
  37  6:26  Drone x6  
  37  6:28  Overlord x3  
  44  6:36  Zerg Missile Weapons Level 1  
  44  6:37  Lair  
  44  6:40  Zerg Ground Armor Level 1  
  44  7:10  Drone x3  
  44  7:11  Drone x3  
  44  7:12  Drone x2  
  52  7:20  Roach x2  
  52  7:21  Roach  
  52  7:24  Overlord  
  58  7:40  Glial Reconstitution  
  58  7:49  Spire  
  57  7:53  Extractor  
  57  7:54  Extractor  
  57  7:58  Queen  
  57  8:18  Queen  
  59  8:24  Pneumatized Carapace  
  59  8:32  Drone x4  
  59  8:39  Roach  
  65  8:41  Roach, Overlord  
  65  8:42  Roach x4  
  65  8:43  Zergling x4  
  65  8:48  Extractor  
  65  8:49  Extractor  
  75  9:24  Queen  
  77  9:34  Mutalisk x3  
  77  9:35  Mutalisk  
  85  9:56  Mutalisk x2  
  87  10:10  Zergling x6  
  87  10:13  Overlord x4  
  84  10:30  Mutalisk x3  
  84  10:33  Overlord x2  
  90  10:45  Mutalisk, Roach  
  90  10:46  Mutalisk  
  96  11:04  Mutalisk  
  96  11:05  Mutalisk  
  96  11:06  Mutalisk  
  100  11:52  Mutalisk x4  
  100  11:53  Mutalisk  
  104  12:10  Zerg Flyer Weapons Level 1  
  104  12:17  Mutalisk  
  104  12:18  Mutalisk  
  108  12:37  Mutalisk x2  
  110  12:53  Overlord x2  
  110  12:54  Mutalisk x2  
  110  12:56  Zergling x10  
  110  12:57  Zergling x18  
  116  13:46  Mutalisk  
  116  13:47  Mutalisk x5  
  119  14:02  Mutalisk x2  
  119  14:04  Overlord  
  121  14:12  Drone  
  121  14:13  Drone x4  
  121  14:14  Drone x4  
  122  14:55  Mutalisk x6  
  93  15:20  Mutalisk x3  
  138  15:31  Drone x4  
  138  15:32  Drone x4  
  146  15:46  Mutalisk x3  
Tags
 
League
Gold
Matchup
Co-op
Replay Pack
Multiplayer
Add a new tag
Caveats
  • Supply blocks, unpowered buildings, or Contaminate may cause inaccurate times.
  • Supply counts are checked every 10 seconds.